 Dungeon Crawl Stone Soup version 0.30-a0-953-g5f1da4a474 (webtiles) character file.

Game seed: 14645542390674422151

2578 NinjaNoafa the Magician (level 9, -2/63 (70) HPs)
             Began as a Yellow Draconian Conjurer on Mar 28, 2023.
             Was an Initiate of Sif Muna.
             Slain by a wight
             ... wielding a +3 dagger
              (3 damage)
             ... on level 6 of the Dungeon.
             The game lasted 00:13:44 (5183 turns).

NinjaNoafa the Magician (Yellow Draconian Conjurer) Turns: 5183, Time: 00:13:44

HP:   -2/63 (70)    AC:  9    Str: 15    XL:     9   Next: 32%
MP:   1/20          EV: 11    Int: 23    God:    Sif Muna [......]
Gold: 321           SH:  9    Dex: 10    Spells: 16/23 levels left

rFire   . . .      SeeInvis .    f - +0 short sword
rCold   . . .      Faith    .    t - +0 buckler
rNeg    . . .      Spirit   .    (body armour unavailable)
rPois   .          Reflect  +    (helmet restricted)
rElec   .          Rampage  .    K - +0 cloak
rCorr   +                        m - +0 pair of gloves
Will    .....                    (no boots)
Stlth   ++                       e - amulet of reflection
HPRegen 0.30/turn                i - +6 ring of strength
MPRegen 0.17/turn                (no ring)

@: about to teleport, short of breath, heavily drained
A: spit acid, AC +7, unfitting armour, cold-blooded, acid resistance
a: Breathe Acid, Renounce Religion


You were on level 6 of the Dungeon.
You worshipped Sif Muna.
Sif Muna was noncommittal.
You visited 2 branches of the dungeon, and saw 8 of its levels.
You also visited: Sewer.

You collected 321 gold pieces.

Inventory:

Hand Weapons
 f - a +0 short sword (weapon)
Missiles
 d - 8 boomerangs
 F - 6 poisoned darts
Armour
 m - a +0 pair of gloves (worn)
 t - a +0 buckler (worn)
 K - a +0 cloak (worn)
Magical Staves
 y - a staff of fire
Jewellery
 e - an amulet of reflection (around neck)
 i - a +6 ring of strength (left hand)
 j - a ring of ice
 D - an amulet of faith
Wands
 l - a wand of flame (12)
 o - a wand of polymorph (13)
 s - a wand of mindburst (1)
 C - a wand of iceblast (8)
 I - a wand of digging (4)
Scrolls
 g - a scroll of magic mapping
 h - a scroll of silence {unknown}
 n - a scroll of enchant armour {unknown}
 p - a scroll of fog {unknown}
 q - 2 scrolls of vulnerability
 r - a scroll of amnesia {unknown}
 u - a scroll of fear {unknown}
 w - a scroll of poison {unknown}
 z - a scroll of blinking {unknown}
 A - 2 scrolls of teleportation
 E - a scroll of noise {unknown}
 H - a scroll of summoning {unknown}
 M - a scroll of brand weapon {unknown}
Potions
 a - a potion of magic
 b - 3 potions of lignification
 c - 2 potions of resistance
 k - a potion of heal wounds {unknown}
 v - a potion of haste {unknown}
 x - 2 potions of berserk rage
 B - 2 potions of brilliance
 G - a potion of mutation {unknown}
 J - a potion of flight


   Skills:
 - Level 3.3 Fighting
 - Level 1.7 Dodging
 - Level 1.7 Stealth
 - Level 4.0 Shields
 + Level 7.7 Spellcasting
 - Level 4.5 Conjurations
 + Level 5.9 Summonings
 - Level 2.3 Translocations
 - Level 4.0 Ice Magic


You had 16 spell levels left.
You knew the following spells:

 Your Spells              Type           Power      Damage    Failure   Level
a - Magic Dart            Conj           100%       1d8       1%          1
b - Searing Ray           Conj           58%        2d6       2%          2
c - Summon Ice Beast      Ice/Summ       31%        N/A       12%         4

Your spell library contained the following spells:

 Spells                   Type           Power      Damage    Failure   Level
 Lesser Beckoning         Tloc           38%        N/A       5%          2
 Necrotise                Necr           32%        1d5       9%          1
 Dazzling Flash           Conj/Hex       38%        N/A       11%         3
 Gell's Gravitas          Tloc           19%        N/A       11%         3
 Teleport Other           Tloc           19%        N/A       11%         3
 Mephitic Cloud           Conj/Pois/Air  15%        N/A       14%         3
 Iskenderun's Mystic Bla  Conj/Tloc      24%        2d7       22%         4
 Vampiric Draining        Necr           8%         2d6       26%         3
 Fulminant Prism          Conj/Hex       9%         3d6       34%         4
 Summon Forest            Summ/Tloc      13%        N/A       41%         5
 Summon Mana Viper        Hex/Summ       22%        N/A       58%         5
 Summon Cactus Giant      Summ           18%        N/A       77%         6
 Agony                    Necr           8%         N/A       94%         5
 Simulacrum               Ice/Necr       9%         N/A       99%         6
 Eringya's Noxious Bog    Tmut/Pois      4%         N/A       100%        6
 Malign Gateway           Summ/Tloc      13%        N/A       100%        7
 Summon Hydra             Summ           18%        N/A       100%        7
 Summon Horrible Things   Summ           18%        N/A       100%        8


Dungeon Overview and Level Annotations

Branches:
Dungeon (7/15)             Temple (1/1) D:6           Sewer (visited)

Altars:
Ashenzari
Cheibriados
Dithmenos
Elyvilon
Fedhas
Hepliaklqana
Kikubaaqudgha
Makhleb
Nemelex Xobeh
Okawaru
Qazlal
Sif Muna
Uskayaw
Vehumet
Xom
Zin
The Shining One

Annotations:
D:3 2 transporters


Innate Abilities, Weirdness & Mutations

You can spit globs of acid.
Your golden yellow scales are hard. (AC +7)
You cannot fit into any form of body armour.
You are cold-blooded and may be slowed by cold attacks.
You are resistant to acid. (rCorr)


Message History

Press: ? - help, Shift-Dir - straight line The searing ray hits something! (Press . to maintain the ray.)
You block the gnoll's attack. You block the wight's attack.
You block something's attack.
The wight hits you with a +0 long sword!
* * * LOW HITPOINT WARNING * * *
You feel drained.
* * * LOW HITPOINT WARNING * * *
Okay, then.
As you read the scroll of identify, it crumbles to dust.
A - 3 scrolls of teleportation The gnoll hits you but does no damage.
You block the wight's attack. Something hits you.
* * * LOW HITPOINT WARNING * * *
The wight barely misses you.
As you read the scroll of teleportation, it crumbles to dust.
You feel strangely unstable. You block the gnoll's attack.
You block the wight's attack.
You hear some strange, mumbled words.
Something tries to affect you, but you resist.
The wight hits you with a +0 long sword.
* * * LOW HITPOINT WARNING * * *
You feel drained.
* * * LOW HITPOINT WARNING * * *
Okay, then.
Unknown command.
Unknown command.
Casting: Searing Ray (safe; 2% risk of failure)
Confirm with . or Enter, or press ? or * to list all spells.
Aiming: Searing Ray (safe; 2% risk of failure)
Press: ? - help, Shift-Dir - straight line, f - wight
Aim: a wight, wielding a +0 long sword and wearing a +0 robe (79% to hit)
The searing ray hits the wight.
The wight is lightly damaged. (Press . to maintain the ray.)
The gnoll hits you with a +0 whip.
* * * LOW HITPOINT WARNING * * *
The wight hits you with a +3 dagger.
You die...

......[.......#.# #..............
................# #...........<..
...##..########## #..............
...........## #..............
............# ##..............
............# ##...............
............# ##................
###.........####zg#..............
#.............@z.....#.........
#........###########.#.########
#........# #.#.# #........# #.#.#
#........# #...# #........# #####
##########


You could see 2 wights and a gnoll (swift, corroded).

Vanquished Creatures
  Pikel (D:6)
  Sigmund (D:6)
  2 orc warriors (D:6)
  Pargi (Sewer)
  2 ogres
  A phantom (D:5)
  2 lemures (D:6)
  A bullfrog (D:6)
  Blork the orc (D:6)
  A scorpion (D:5)
  A wight (D:6)
  6 killer bees (D:6)
  3 howler monkeys (D:7)
  3 hounds
  2 orc priests (D:7)
  A jelly (D:6)
  Ijyb (D:4)
  3 iguanas
  3 sleepcaps
  An orc wizard (D:7)
  Natasha (thrice) (D:2)
  Robin (D:3)
  14 gnolls
  6 adders
  2 shadow imps (D:6)
  A worm (D:4)
  6 dart slugs
  17 orcs
  5 endoplasms
  7 giant cockroaches
  16 goblins
  7 hobgoblins
  2 jackals (D:3)
  3 quokkas (D:5)
  9 ball pythons
  5 bats
  A frilled lizard (D:1)
  5 kobolds
  7 rats
  A spectral hobgoblin (D:3)
155 creatures vanquished.

Vanquished Creatures (collateral kills)
  An orc wizard (D:6)
  An adder (D:6)
2 creatures vanquished.

Grand Total: 157 creatures vanquished

Notes
Turn   | Place    | Note
-------+----------+-------------------------------------------
     0 | D:1      | NinjaNoafa the Draconian Conjurer began the quest for the
                  | Orb.
     0 | D:1      | Reached XP level 1. HP: 14/14 MP: 3/3
   181 | D:1      | Reached XP level 2. HP: 20/20 MP: 0/5
   187 | D:1      | Learned a level 2 spell: Searing Ray
   619 | D:2      | Reached XP level 3. HP: 26/26 MP: 0/7
   665 | D:2      | Reached skill level 3 in Spellcasting
   819 | D:2      | HP: 1/39 [poisoned by an adder]
   980 | D:2      | Reached XP level 4. HP: 33/33 MP: 3/9
  1080 | D:2      | Noticed Natasha
  1089 | D:2      | Killed Natasha
  1092 | D:2      | Reached skill level 4 in Spellcasting
  1134 | D:2      | Noticed Natasha
  1139 | D:2      | Killed Natasha
  1183 | D:2      | Noticed Natasha
  1190 | D:2      | Killed Natasha
  1191 | D:2      | Reached XP level 5. HP: 34/38 MP: 6/11
  1374 | D:2      | Got Woirphute's Commentary on Vehement Cold
  1442 | D:3      | Found a faded altar of an unknown god.
  1531 | D:3      | Noticed Robin
  1535 | D:3      | Killed Robin
  1602 | D:3      | Reached skill level 5 in Spellcasting
  1609 | D:3      | Found a transporter.
  1740 | D:3      | Found a transporter.
  1881 | D:3      | Found a hazy altar of Hepliaklqana.
  1984 | D:4      | Noticed an ogre
  1995 | D:4      | Killed an ogre
  1996 | D:4      | Reached XP level 6. HP: 44/45 MP: 4/14
  2145 | D:4      | Reached skill level 6 in Spellcasting
  2395 | D:4      | Noticed Ijyb
  2414 | D:4      | Killed Ijyb
  2745 | D:5      | Entered Level 5 of the Dungeon
  2778 | D:5      | Reached skill level 1 in Translocations
  2778 | D:5      | Your scales start taking on a golden yellow colour.
  2778 | D:5      | Reached XP level 7. HP: 50/50 MP: 9/17
  2778 | D:5      | Gained mutation: You are resistant to acid. (rCorr) [Yellow
                  | Draconian growth]
  3042 | D:5      | Reached skill level 7 in Spellcasting
  3201 | D:5      | Found a glowing drain.
  3205 | Sewer    | Entered a sewer
  3233 | Sewer    | Noticed Pargi
  3241 | Sewer    | Killed Pargi
  3242 | Sewer    | Reached skill level 1 in Summonings
  3242 | Sewer    | Reached skill level 1 in Ice Magic
  3784 | D:6      | Noticed Blork the orc
  3787 | D:6      | Killed Blork the orc
  3861 | D:6      | Reached XP level 8. HP: 45/57 MP: 12/19
  3992 | D:6      | Reached skill level 1 in Fighting
  3993 | D:6      | HP: 3/60 [killer bee (8)]
  4260 | D:6      | Noticed Pikel
  4270 | D:6      | Killed Pikel
  4271 | D:6      | Reached skill level 5 in Summonings
  4271 | D:6      | Reached XP level 9. HP: 53/70 MP: 10/20
  4374 | D:6      | Noticed Sigmund
  4411 | D:6      | Found a staircase to the Ecumenical Temple.
  4422 | Temple   | Entered the Ecumenical Temple
  4623 | Temple   | Became a worshipper of Sif Muna the Loreminder
  4685 | D:6      | Killed Sigmund
  4703 | D:5      | Learned a level 4 spell: Summon Ice Beast
  5182 | D:6      | HP: 2/63 [wight/+0 long sword (2)]
  5183 | D:6      | Slain by a wight

Illustrated notes

Levels and vault maps discovered:
D:1:      minmay_arrival_five_plusses, layout_loops_ring
D:2:      layout_loops_ring, uniq_natasha
D:3:      gammafunk_wand_slinger, layout_basic,
          nicolae_hepliaklqana_monster_ancestors,
          shapermc_ecumenical_altar_venn, grunt_ministairs_15,
          corexii_item_surrounded_by_moat, uniq_robin
D:4:      layout_basic, uniq_ijyb
D:5:      layout_basic, gup_sewer_entry_spiral, chequers_mini_garden,
          grunt_decor_mini_mirrors, minmay_misc_feat_enclosed,
          chequers_big_river
D:6:      minmay_general_purpose_star, layout_basic,
          minmay_temple_entry_purple_smoke, uniq_sigmund, uniq_blork_the_orc,
          uniq_pikel
D:7:      layout_basic, mainiacjoe_overflow_surrounded_room,
          mainiacjoe_overflow_divided_tiny, serial_shops,
          nicolae_shop_waterfront, gammafunk_ghost_smash,
          hangedman_decor_riveting
Temple:   nicolae_temple_slightly_damp_pantheon

Skill      XL: |  1  2  3  4  5  6  7  8  9 |
---------------+----------------------------+-----
Spellcasting   | 3 4 5 6 7 |  7.7
Translocations | 1 2 |  2.3
Summonings     | 2 5 |  5.9
Ice Magic      | 2 4 |  4.0
Fighting       | 3 |  3.3
Shields        | 4 |  4.0
Dodging        | |  1.7
Stealth        | |  1.7
Conjurations   | |  4.5

Action                     |  1- 3 |  4- 6 |  7- 9 || total
---------------------------+-------+-------+-------++-------
  Melee: Unarmed           |     9 |       |       ||     9
         Short sword       |    22 |    29 |    19 ||    70
         Tailslap          |     4 |     3 |     1 ||     8
   Cast: Magic Dart        |    21 |    39 |       ||    60
         Searing Ray       |    12 |    35 |    45 ||    92
         Summon Ice Beast  |       |       |     4 ||     4
Ability: Breathe Acid      |       |       |    16 ||    16
    Use: Potion            |     4 |     1 |     1 ||     6
         Scroll            |       |     3 |     4 ||     7
 Armour: Skin              |    15 |    14 |    26 ||    55
  Dodge: Dodged            |    23 |    33 |    52 ||   108
  Block: Other             |     2 |     3 |       ||     5
         Buckler           |       |    12 |    46 ||    58
         Reflection        |       |       |     1 ||     1

Table legend: (Time is in decaauts)
 A = Elapsed time spent in this place.
 B = Non-inter-level travel time spent in this place.
 C = Inter-level travel time spent in this place.
 D = Time resting spent in this place.
 E = Time spent auto-exploring this place.
 F = Levels seen in this place.
 G = Mean time per level.
                   A        B        C        D        E       F      G
               +--------+--------+--------+--------+--------+-----+--------+
         Total |   5244 |   4651 |    593 |    112 |   2979 |   9 |  582.7 |
       Dungeon |   4906 |   4367 |    539 |    112 |   2753 |   7 |  700.9 |
        Temple |    220 |    166 |     54 |      0 |    147 |   1 |  220.0 |
         Sewer |    117 |    117 |      0 |      0 |     79 |   1 |  117.0 |
               +--------+--------+--------+--------+--------+-----+--------+

Top non-repeatable levels by time:
     D:5: 1100 daAuts
     D:6: 979 daAuts
     D:2: 836 daAuts
     D:4: 805 daAuts
     D:1: 602 daAuts
     D:3: 511 daAuts
  Temple: 220 daAuts
   Sewer: 117 daAuts
     D:7: 71 daAuts
